Cogmind - Beta 17 @@@ ROGUE MODE // 2026.07.15 @ 23:06:30 Player: NuclearMayhem Result: Self-destructed Performance ------------- Evolutions (7) 3500 Regions Visited (11) 2200 Robots Destroyed (89) 445 Value Destroyed (2693) 2693 Prototype IDs (34) 680 Alien Tech Used (0) 0 Bonus (360) 360 TOTAL SCORE: 9878 Bonus ------- Follower Combat Kills 60 Aligned with FarCom 300 Cogmind --------- Core Integrity 1187/1300 Matter 184/300 Energy 340/340 System Corruption 11% Temperature Cool (0) Movement Flying (24) Location -3/Research Parts ------- > --- POWER (1) -------- Particle Reactor > --- PROPULSION (5) --- Diametric Drive Diametric Drive Diametric Drive Impulse Thruster Array > --- UTILITY (13) ----- Advanced Trap Scanner Advanced Trap Scanner Advanced Trap Scanner Improved Melee Analysis Suite Improved Melee Analysis Suite Advanced Melee Analysis Suite Advanced Target Analyzer Advanced Target Analyzer Armor Integrity Analyzer Improved Hacking Suite Improved Hacking Suite Improved System Shield Advanced Trap Extractor (0/8) > --- WEAPON (2) ------- (None) > --- INVENTORY (5) ---- Transmission Jammer Advanced ECM Suite Phase Shifter Authchip [Processor] Advanced Trap Extractor (0/8) Peak State ------------ > --- POWER ------------ Particle Reactor > --- PROPULSION ------- Diametric Drive Diametric Drive Diametric Drive Impulse Thruster Array > --- UTILITY ---------- Advanced Trap Scanner Improved Melee Analysis Suite Improved Melee Analysis Suite Improved Melee Analysis Suite Advanced Melee Analysis Suite Advanced Target Analyzer Advanced Target Analyzer Armor Integrity Analyzer Improved Reaction Control System Improved Hacking Suite Improved Hacking Suite Improved System Shield Advanced Trap Extractor > --- WEAPON ----------- Centrium Greatsword > --- INVENTORY -------- Advanced Trap Scanner Advanced Trap Scanner Authchip [Processor] Advanced Trap Extractor Field Lobotomy Kit [Rating: 135] Favorites ----------- Power Micro Nuclear Core Engine Light Ion Engine Power Core Micro Nuclear Core Reactor Light Antimatter Reactor Propulsion Aluminum Leg Leg Aluminum Leg Flight Unit VTOL Module Utility Improved Melee Analysis Suite Device Improved Reaction Control System Storage Small Storage Unit Processor Improved Melee Analysis Suite Hackware Hacking Suite Protection Light Armor Plating Weapon Improved Light Cannon Energy Gun Medium Laser Ballistic Gun Light Assault Rifle Ballistic Cannon Improved Light Cannon Special Weapon Field Lobotomy Kit Impact Weapon Shock Maul Slashing Weapon Power Sword Piercing Weapon Spear Special Melee Weapon Improved Datajack Build | -11 -10 -9 -9 -9 -8 -8 -7 -6 -5 -4 -3 ------- Run | Yrd Mat Mat Min Exi Min Mat Fac Fac Fac Fac Res Slots Evolved 14 | . . 2 . . . 2 2 2 2 2 2 Power . | . . . . . . . . . . . . Propulsion 3 | . . 1 . . . 1 . 1 . . . Utility 11 | . . 1 . . . 1 2 1 2 2 2 Weapon . | . . . . . . . . . . . . Parts Attached 117 | 6 7 13 1 5 4 2 8 14 25 16 16 Power 12 | 1 2 . . . 2 . 1 . 2 1 3 Engine 3 | 1 1 . . . 1 . . . . . . Core 5 | . 1 . . . 1 . 1 . 2 . . Reactor 4 | . . . . . . . . . . 1 3 Propulsion 36 | 2 2 4 1 3 2 1 . 6 10 2 3 Treads . | . . . . . . . . . . . . Leg 8 | 2 2 3 1 . . . . . . . . Wheel . | . . . . . . . . . . . . Hover . | . . . . . . . . . . . . Flight 28 | . . 1 . 3 2 1 . 6 10 2 3 Utility 48 | 1 2 2 . . . 1 5 5 11 11 10 Device 15 | . . . . . . . . 1 4 4 6 Storage 1 | 1 . . . . . . . . . . . Processor 17 | . . 2 . . . . 5 1 3 5 1 Hackware 13 | . . . . . . 1 . 3 4 2 3 Protection 2 | . 2 . . . . . . . . . . Artifact . | . . . . . . . . . . . . Weapon 21 | 2 1 7 . 2 . . 2 3 2 2 . Energy Gun 2 | 1 . 1 . . . . . . . . . Energy Cannon . | . . . . . . . . . . . . Ballistic Gun 4 | 1 . 3 . . . . . . . . . Ballistic Cannon 4 | . 1 3 . . . . . . . . . Launcher . | . . . . . . . . . . . . Special Weapon 2 | . . . . . . . . 1 . 1 . Impact Weapon 1 | . . . . . . . . . 1 . . Slashing Weapon 4 | . . . . 1 . . 1 1 . 1 . Piercing Weapon 1 | . . . . . . . 1 . . . . Special Melee Weapon 3 | . . . . 1 . . . 1 1 . . Unidentified Prototypes 11 | . . 1 . 1 . . . . 3 3 3 Parts Lost 28 | . 1 4 . . 3 2 . 2 9 2 5 Power 2 | . . 1 . . . 1 . . . . . Propulsion 13 | . . 2 . . 2 1 . 2 4 1 1 Utility 8 | . 1 . . . . . . . 3 1 3 Weapon 5 | . . 1 . . 1 . . . 2 . 1 Highest Loss Streak 3 | . 1 2 . . 3 1 . 2 3 2 3 To Critical Strikes . | . . . . . . . . . . . . Average Backups 6 | 1 6 7 8 7 3 3 5 6 6 5 4 Power . | . . . . . . 1 . . . . . Propulsion 1 | . 2 4 5 4 1 . . . 1 1 . Utility 2 | . 1 1 1 1 1 1 3 4 3 2 2 Weapon . | . 1 1 1 . . . . . . . . Tool/Special . | . . . . . . . . . . . . Unused Backups 29 | . 5 5 1 . . . 2 7 2 1 6 Power 5 | . . . . . . . 2 1 . . 2 Propulsion 4 | . 3 1 . . . . . . . . . Utility 15 | . . 2 . . . . . 6 2 1 4 Weapon 4 | . 2 1 1 . . . . . . . . Tool/Special 1 | . . 1 . . . . . . . . . Average Slot Usage (%) 88 | . 91 87 86 85 84 86 79 84 96 93 86 Engine 2 | . 9 5 . . 7 . 1 . . . . Core 3 | . 4 . . . . 8 5 6 5 . . Leg 9 | . 28 25 33 24 . . . . . . . Flight 16 | . . 2 . 8 30 33 23 22 26 25 20 Device 3 | . . . . . . . . 1 7 7 15 Storage 7 | . 14 11 11 10 11 9 7 6 5 2 . Processor 19 | . . 20 22 22 22 18 25 22 16 32 30 Hackware 8 | . . . . . . 8 7 15 20 13 12 Ballistic Gun 2 | . 14 1 20 16 . . . . . . . Ballistic Cannon 5 | . 10 19 . . . . . . . . . Slashing Weapon 2 | . . . . 2 11 9 5 . 5 4 1 Special Melee Weapon 1 | . . . . 1 1 . . 1 4 . . Peak Build Rating 135 | 6 10 15 15 16 15 19 39 54 74 110 135 Average Rating 38 | 4 7 10 14 14 12 18 27 41 59 94 122 On Entrance 29 | . 6 8 15 15 13 15 15 36 52 73 109 Avg Prop Armor Cover (%) 2 | . . 2 . . . . . . . . . Naked Turns . | . . . . . . . . . . . . Heaviest Build 41 | 11 17 19 11 11 12 12 13 23 23 30 41 Greatest Support 39 | 20 20 30 30 30 13 17 13 26 31 35 39 Greatest Overweight (x) 1 | 1 . . . . . . . 1 . 1 1 Average Overweight (x) . | . . . . . . . . . . . . Largest Inventory Capacity 8 | 8 8 8 8 8 8 8 8 8 8 8 5 Average Capacity 7 | 6 8 8 8 7 8 8 8 8 8 6 5 Most Carried 8 | 2 8 8 8 8 4 4 8 8 8 7 5 Average Carried 6 | 1 6 7 7 7 3 3 5 6 6 5 4 Final Capacity 8 | 8 8 8 8 8 8 8 8 8 8 5 5 Final Carried 8 | 2 8 8 8 4 4 4 7 8 8 5 5 Class Distribution -------------------- 46% | Mutant 37% | Hacker-Sprinter 9% | Scavenger-Mutant 3% | Hacker-Mutant Dominant Class ---------------- Mutant | -10/Materials Mutant | -9/Materials Mutant | -9/Mines Mutant | -9/Exiles Scavenger-Mutant | -8/Mines Scavenger-Sprinter | -8/Materials Mutant | -7/Factory Hacker-Sprinter | -6/Factory Hacker-Sprinter | -5/Factory Hacker-Sprinter | -4/Factory Hacker-Sprinter | -3/Research Resources | -11 -10 -9 -9 -9 -8 -8 -7 -6 -5 -4 -3 ----------- Run | Yrd Mat Mat Min Exi Min Mat Fac Fac Fac Fac Res Matter Collected 2276 | 192 394 460 158 . 149 15 90 140 373 160 145 Remotely . | . . . . . . . . . . . . Salvage Created 3252 | . 463 567 133 . 91 30 225 359 615 451 318 Parts 221 | . 39 53 8 . 7 2 13 23 48 16 12 Haulers Intercepted 12 | . 2 2 . . . . 3 1 2 2 . Recyclers Shooed 1 | . 1 . . . . . . . . . . Parts Field Recycled . | . . . . . . . . . . . . Retrieved Matter . | . . . . . . . . . . . . Parts Self-Destructed . | . . . . . . . . . . . . Prevented . | . . . . . . . . . . . . Parts Restored . | . . . . . . . . . . . . Kills | -11 -10 -9 -9 -9 -8 -8 -7 -6 -5 -4 -3 ------- Run | Yrd Mat Mat Min Exi Min Mat Fac Fac Fac Fac Res Combat Hostiles Destroyed 51 | . 10 17 3 . 4 . . 4 8 1 4 Melee 21 | . . . . . 4 . . 4 8 1 4 Guns 6 | . 2 1 3 . . . . . . . . Cannons 24 | . 8 16 . . . . . . . . . Classes Destroyed 12 | . 7 1 1 . 1 . . 1 1 . . Worker 2 | . 1 1 . . . . . . . . . Hauler 12 | . 2 2 . . . . 3 1 2 2 . Recycler 1 | . 1 . . . . . . . . . . Operator 8 | . 1 3 . . . . 1 1 1 1 . Watcher 15 | . 2 2 . . . 1 1 3 2 4 . Swarmer 13 | . 3 4 . . 3 . . 3 . . . Cutter 3 | . . . . . . . . . 3 . . Grunt 18 | . 7 8 2 . . . . . . . 1 Duelist 1 | . . . 1 . . . . . . . . Sentry 7 | . . 5 . . . . . . . 1 1 Hunter 3 | . . . . . 1 . . . . . 2 Programmer 6 | . . . . . . . . 1 5 . . Best Kill Streak 8 | . 7 8 3 . 2 1 2 3 3 3 4 Combat Bots Only 8 | . 5 8 3 . 2 . . 2 3 1 4 Max Kills in Single Turn 1 | . 1 1 1 . 1 1 1 1 1 1 1 Gunslinging . | . . . . . . . . . . . . Exploded . | . . . . . . . . . . . . Melee 1 | . . . . . 1 . . 1 1 1 1 Uniques/NPCs Destroyed . | . . . . . . . . . . . . Combat | -11 -10 -9 -9 -9 -8 -8 -7 -6 -5 -4 -3 -------- Run | Yrd Mat Mat Min Exi Min Mat Fac Fac Fac Fac Res Hostile Shots Fired 299 | . 42 56 12 . 42 31 15 18 27 6 50 Missed 127 | . 13 16 5 . 18 16 11 3 17 1 27 Hits 172 | . 29 40 7 . 24 15 4 15 10 5 23 Melee 6 | . . . 2 . . . . . 4 . . Projectile 166 | . 29 40 5 . 24 15 4 15 6 5 23 AOE 1 | . . . . . . . . . 1 . . Critical Strikes 6 | . . . 1 . . 1 . . 3 . 1 Damage Taken 2919 | . 431 510 128 . 223 155 34 215 479 69 675 Core 563 | . 36 53 22 . 83 28 28 124 76 . 113 Absorbed by Shields . | . . . . . . . . . . . . Core Remaining (%) 89 | 100 85 . . . 60 94 96 85 92 100 . Volleys Fired 138 | . 57 66 10 . . . . 1 . 2 2 Largest 2 | . 2 2 2 . . . . 1 . 1 1 Hottest 73 | . 70 73 50 . . . . . . . . Shots Fired 261 | . 114 128 14 . . . . 1 . 2 2 Gun 87 | . 63 10 14 . . . . . . . . Cannon 169 | . 51 118 . . . . . . . . . Launcher . | . . . . . . . . . . . . Special 5 | . . . . . . . . 1 . 2 2 Kinetic 246 | . 108 124 14 . . . . . . . . Thermal 10 | . 6 4 . . . . . . . . . Explosive . | . . . . . . . . . . . . Electromagnetic . | . . . . . . . . . . . . Robot Hit Streak 15 | . 9 8 10 . . . . 11 . 13 15 Robot Miss Streak 12 | . 12 3 1 . . . . . . . . Penetration Max . | . . . . . . . . . . . . Secondary Targets . | . . . . . . . . . . . . Shots Hit Robots 229 | . 60 74 12 . 5 2 7 16 21 18 14 Core Hits 94 | . 25 26 4 . 2 1 4 9 12 7 4 Critical Kills 1 | . . 1 . . . . . . . . . Critical Parts Destroyed . | . . . . . . . . . . . . Critical Strikes 18 | . 2 2 . . . . 1 3 3 1 6 Destroy 1 | . . 1 . . . . . . . . . Blast 3 | . 2 1 . . . . . . . . . Sever 11 | . . . . . . . 1 . 3 1 6 Impale 3 | . . . . . . . . 3 . . . Melee Attacks 175 | . . . . . 17 13 16 44 42 23 20 Impact . | . . . . . . . . . . . . Slashing 132 | . . . . . 17 13 16 1 42 23 20 Piercing 43 | . . . . . . . . 43 . . . Sneak Attacks 11 | . . . . . . . 3 2 3 3 . Combat Hostiles 2 | . . . . . . . . 1 1 . . Follow-up Attacks . | . . . . . . . . . . . . Damage Inflicted 7778 | . 849 1578 208 . 166 76 400 694 1248 1349 1210 Guns 571 | . 283 80 208 . . . . . . . . Cannons 2064 | . 566 1498 . . . . . . . . . Explosions . | . . . . . . . . . . . . Melee 5143 | . . . . . 166 76 400 694 1248 1349 1210 Ramming . | . . . . . . . . . . . . Kinetic 2550 | . 776 1566 208 . . . . . . . . Thermal 85 | . 73 12 . . . . . . . . . Explosive . | . . . . . . . . . . . . Electromagnetic . | . . . . . . . . . . . . Impact . | . . . . . . . . . . . . Slashing 4449 | . . . . . 166 76 400 . 1248 1349 1210 Piercing 694 | . . . . . . . . 694 . . . Highest Corruption 11 | . . . . . . . . . 4 . 11 Average Corruption 6 | . . . . . . . . . 3 . 11 Corruption Purged . | . . . . . . . . . . . . Corruption Blocked . | . . . . . . . . . . . . Effects 16 | . . . . . . . . . 6 . 10 Message Errors 4 | . . . . . . . . . 1 . 3 Matter Fused 3 | . . . . . . . . . 1 . 2 Heat Flow Errors 1 | . . . . . . . . . . . 1 Energy Discharges 2 | . . . . . . . . . 1 . 1 Data Loss (minor) 2 | . . . . . . . . . 2 . . Data Loss (major) 1 | . . . . . . . . . 1 . . Misdirections 3 | . . . . . . . . . . . 3 Overload Shots . | . . . . . . . . . . . . Overflow Damage 514 | . 12 11 . . 24 1 33 114 62 204 53 Projectiles 23 | . 12 11 . . . . . . . . . Explosions . | . . . . . . . . . . . . Melee 491 | . . . . . 24 1 33 114 62 204 53 Knockbacks 13 | . 5 8 . . . . . . . . . Impact . | . . . . . . . . . . . . Kinetic 13 | . 5 8 . . . . . . . . . Secondary . | . . . . . . . . . . . . Self-Inflicted Damage 157 | . 157 . . . . . . . . . . Shots 2 | . 2 . . . . . . . . . . Rammed . | . . . . . . . . . . . . Targets Rammed . | . . . . . . . . . . . . Kicked . | . . . . . . . . . . . . Crushed . | . . . . . . . . . . . . Highest Temperature 237 | . 78 49 3 . . 8 . . 160 175 237 Average Temperature 34 | . 20 18 3 . . 4 . . 41 25 96 Received Heat Transfer 384 | . 72 213 30 . . 36 12 . 12 . 9 Siege Activations . | . . . . . . . . . . . . Martial Activations . | . . . . . . . . . . . . Shielding Activations . | . . . . . . . . . . . . Robots Disrupted . | . . . . . . . . . . . . Combat Hostiles . | . . . . . . . . . . . . Robots Corrupted . | . . . . . . . . . . . . Combat Hostiles . | . . . . . . . . . . . . Parts Fried . | . . . . . . . . . . . . Impact Corruptions . | . . . . . . . . . . . . Robots Melted . | . . . . . . . . . . . . Combat Hostiles . | . . . . . . . . . . . . Parts Melted 2 | . 2 . . . . . . . . . . Heat Transferred 247 | . 222 25 . . . . . . . . . Parts Sabotaged . | . . . . . . . . . . . . Parts Stolen . | . . . . . . . . . . . . Parts Stripped . | . . . . . . . . . . . . Power Chain Reactions . | . . . . . . . . . . . . Alert | -11 -10 -9 -9 -9 -8 -8 -7 -6 -5 -4 -3 ------- Run | Yrd Mat Mat Min Exi Min Mat Fac Fac Fac Fac Res Maximum Alert Level 1 | . . . . . . . . 1 . . . Low Security (%) 99 | 100 100 100 100 . 100 100 100 96 100 100 100 Level 1 . | . . . . . . . . 3 . . . Level 2 . | . . . . . . . . . . . . Level 3 . | . . . . . . . . . . . . Level 4 . | . . . . . . . . . . . . Level 5 . | . . . . . . . . . . . . High Security . | . . . . . . . . . . . . Max Security . | . . . . . . . . . . . . Peak Influence 236 | . 174 181 101 . 30 93 74 236 186 175 120 Initial 101 | . . 41 41 . . 11 37 . 101 88 75 Average 59 | . 80 91 69 . 9 14 38 40 46 98 51 Influence Increases 2857 | . 396 526 70 . 100 135 192 437 474 267 260 Destroy 0b10 Robot/C 1280 | . 200 340 60 . 80 . . 180 180 100 140 Destroy 0b10 Robot/NC 205 | . 35 40 . . . 5 25 35 25 35 5 Destroy Leader 354 | . 48 98 10 . 20 2 8 58 48 32 30 Allied During Kill 15 | . . . . . . . . 6 . 9 . Trap Triggered on 0b10 70 | . . . . . . . . . 70 . . Successful Hack 324 | . 56 27 . . . 14 62 36 42 42 45 Disable Machine 60 | . 45 . . . . . . . . 15 . Destroy Structure 144 | . 12 6 . . . 9 7 32 34 34 10 Partial Spotted 60 | . . . . . . . . 15 15 . 30 Lose Combat Pursuer 345 | . . 15 . . . 105 90 75 60 . . Influence Decreases 2857 | . 297 518 96 81 70 82 275 229 502 302 405 Entered New Map 539 | . . 58 66 81 . 19 46 . 107 92 70 Time Decay 1867 | . 287 420 30 . 40 53 209 169 295 170 194 Lost Part 240 | . 10 40 . . 30 10 . 20 60 20 50 Lost Ally 140 | . . . . . . . 20 40 40 20 20 Purge Threat 71 | . . . . . . . . . . . 71 Squads Dispatched 33 | . 1 4 . . . 1 5 6 6 5 5 Investigation 12 | . . 2 . . . 1 2 2 2 2 1 Extermination 12 | . . . . . . . 2 2 3 2 3 Reinforcement 8 | . 1 2 . . . . 1 1 1 1 1 Assault . | . . . . . . . . . . . . Garrison 1 | . . . . . . . . 1 . . . Intercept . | . . . . . . . . . . . . Searches Triggered . | . . . . . . . . . . . . Construction Impeded 1 | . . . . . . . . 1 . . . Haulers Reinforced 1 | . . . . . . . . . . 1 . Active Scanning Responses . | . . . . . . . . . . . . Cargo Convoy Interrupts . | . . . . . . . . . . . . Stealth | -11 -10 -9 -9 -9 -8 -8 -7 -6 -5 -4 -3 --------- Run | Yrd Mat Mat Min Exi Min Mat Fac Fac Fac Fac Res Distress Signals 11 | . 1 1 . . . 3 1 1 1 . 3 Communications Jammed . | . . . . . . . . . . . . Distress Signals . | . . . . . . . . . . . . Times Spotted 134 | . 16 29 3 . 4 17 11 18 15 11 10 Peak Tracking Total 9 | . 5 4 3 . 3 9 4 5 6 4 4 Tactical Retreats 13 | . . 1 . . . 2 4 2 4 . . Traps | -11 -10 -9 -9 -9 -8 -8 -7 -6 -5 -4 -3 ------- Run | Yrd Mat Mat Min Exi Min Mat Fac Fac Fac Fac Res Traps Triggered 7 | . . 1 . . . . 3 1 2 . . Indirectly . | . . . . . . . . . . . . Trap Hack Attempts 65 | . . . . . . . . . 65 . . Triggered 1 | . . . . . . . . . 1 . . Disarmed 1 | . . . . . . . . . 1 . . Reprogrammed 11 | . . . . . . . . . 11 . . Reused 7 | . . . . . . . . . 7 . . Traps Extracted 11 | . . . . . . . . . 11 . . Installed 8 | . . . . . . . . . 8 . . Triggered 7 | . . . . . . . . . 7 . . Most Traps Carried 6 | . . . . . . . . . 6 . . Machines | -11 -10 -9 -9 -9 -8 -8 -7 -6 -5 -4 -3 ---------- Run | Yrd Mat Mat Min Exi Min Mat Fac Fac Fac Fac Res Machines Disabled 4 | . 3 . . . . . . . . 1 . Max in Single Turn 2 | . 2 . . . . . . . . . . Machines Repaired . | . . . . . . . . . . . . Machines Dismantled . | . . . . . . . . . . . . Machines Sabotaged . | . . . . . . . . . . . . Overloaded Fab Kills . | . . . . . . . . . . . . Hacking | -11 -10 -9 -9 -9 -8 -8 -7 -6 -5 -4 -3 --------- Run | Yrd Mat Mat Min Exi Min Mat Fac Fac Fac Fac Res Machines Accessed 67 | . 6 6 . 1 . 5 10 10 10 10 9 Terminals 41 | . 6 5 . . . 4 8 4 5 5 4 Fabricators 10 | . . . . . . . 1 2 3 2 2 Repair Stations 1 | . . . . . . 1 . . . . . Recycling Units 2 | . . . . . . . . 1 . 1 . Scanalyzers 7 | . . 1 . . . . . 1 2 1 2 Garrison Access 5 | . . . . . . . 1 2 . 1 1 Total Hacks 214 | . 20 18 . 1 . 17 25 34 30 35 34 Successful 129 | . 11 10 . 1 . 11 10 27 23 19 17 Failed 82 | . 8 8 . . . 6 15 7 7 15 16 Catastrophic 12 | . 2 2 . . . . 3 1 . 2 2 Database Lockouts 3 | . 1 . . . . . . . . 1 1 Manual 138 | . 18 16 . 1 . 12 19 11 19 23 19 Terminals 143 | . 20 16 . . . 16 21 9 20 21 20 Fabricators 31 | . . . . . . . 2 7 8 7 7 Repair Stations 1 | . . . . . . 1 . . . . . Recycling Units 2 | . . . . . . . . 1 . 1 . Scanalyzers 28 | . . 2 . . . . . 15 2 3 6 Garrison Access 8 | . . . . . . . 2 2 . 3 1 Terminal Hacks 39 | . 6 3 . 1 . 5 3 3 7 5 6 Record 1 | . . . . . . . . . . 1 . Part Schematic 6 | . . 1 . . . . 1 1 2 1 . Robot Analysis 1 | . 1 . . . . . . . . . . Open Door 1 | . . . . . . . . 1 . . . Emergency Access Points 2 | . 1 . . . . . . . . . 1 Terminal Index 6 | . 1 . . . . 1 . . 2 1 1 Unreport Threat 1 | . . . . . . . . . . . 1 Locate Traps 2 | . . . . . . . 1 . 1 . . Reprogram Traps 2 | . . . . . . . . . 1 1 . Dispatch Records 1 | . . . . . . 1 . . . . . Patrol Status 1 | . 1 . . . . . . . . . . Reinforcement Status 1 | . . . . . . 1 . . . . . Recall Extermination 2 | . . . . . . . 1 . . . 1 Recall Reinforcements 3 | . . 2 . . . . . . . 1 . Hauler Manifests 2 | . 1 . . . . . . . 1 . . Registered Components 4 | . 1 . . . . 1 . 1 . . 1 Zone Layout 2 | . . . . . . 1 . . . . 1 Proto ID Catalog 1 | . . . . 1 . . . . . . . Fabricator Hacks 15 | . . . . . . . 1 4 4 3 3 Load Schematic 10 | . . . . . . . 1 2 3 2 2 Build 5 | . . . . . . . . 2 1 1 1 Repair Station Hacks . | . . . . . . . . . . . . Recycling Unit Hacks 1 | . . . . . . . . . . 1 . Report Inventory 1 | . . . . . . . . . . 1 . Scanalyzer 21 | . . 1 . . . . . 15 2 1 2 Insert Component 6 | . . . . . . . . 5 . . 1 Analyze 6 | . . . . . . . . 6 . . . Retrieve Study 9 | . . 1 . . . . . 4 2 1 1 Garrison Access Hacks . | . . . . . . . . . . . . Unauthorized Hacks 53 | . 5 6 . . . 6 6 5 10 9 6 Terminals 37 | . 5 6 . . . 5 5 1 7 5 3 Assimilate 4 | . . 1 . . . . 2 . . 1 . Botnet 27 | . 4 4 . . . 4 3 1 5 4 2 Operators 6 | . 1 1 . . . 1 . . 2 . 1 Fabricators 11 | . . . . . . . 1 2 3 3 2 Prioritize 4 | . . . . . . . . 1 1 1 1 Fabnet 2 | . . . . . . . . 1 . 1 . Recompile 5 | . . . . . . . 1 . 2 1 1 Repair Stations 1 | . . . . . . 1 . . . . . Mechanics 1 | . . . . . . 1 . . . . . Recycling Units . | . . . . . . . . . . . . Scanalyzers . | . . . . . . . . . . . . Garrison Access 4 | . . . . . . . . 2 . 1 1 Reprogram 4 | . . . . . . . . 2 . 1 1 Data Cores Recovered 6 | . 1 1 . . . . 1 1 1 1 . Used 3 | . . 1 . . . . . . 1 1 . Hacking Detections 55 | . 5 5 . . . 4 9 7 6 10 9 Full Trace Events 4 | . . 1 . . . 1 1 1 . . . Feedback Events . | . . . . . . . . . . . . Feedback Blocked . | . . . . . . . . . . . . Robot Schematics Acquired . | . . . . . . . . . . . . Robots Built . | . . . . . . . . . . . . Authchips . | . . . . . . . . . . . . Time . | . . . . . . . . . . . . Total Robot Build Rating . | . . . . . . . . . . . . Part Schematics Acquired 10 | . . 1 . . . . 1 5 2 1 . Parts Built 6 | . . . . . . . . 3 1 1 1 Authchips 4 | . . . . . . . . 1 1 1 1 Time 234 | . . . . . . . . 93 47 47 47 Total Part Build Rating 24 | . . . . . . . . 9 5 5 5 Part Studies Acquired 9 | . . 1 . . . . . 4 2 1 1 Parts Repaired . | . . . . . . . . . . . . Time . | . . . . . . . . . . . . Parts Recycled . | . . . . . . . . . . . . Recycled Matter . | . . . . . . . . . . . . Retrieved Matter . | . . . . . . . . . . . . Retrieved Components . | . . . . . . . . . . . . Parts Scanalyzed 4 | . . . . . . . . 4 . . . Part Schematics Acquired 4 | . . . . . . . . 4 . . . Parts Damaged . | . . . . . . . . . . . . Bothacking | -11 -10 -9 -9 -9 -8 -8 -7 -6 -5 -4 -3 ------------ Run | Yrd Mat Mat Min Exi Min Mat Fac Fac Fac Fac Res Used RIF Installer . | . . . . . . . . . . . . Robots Hacked . | . . . . . . . . . . . . Non-combat . | . . . . . . . . . . . . Combat . | . . . . . . . . . . . . Robot Hacks Applied . | . . . . . . . . . . . . Relay Couplers Released 4 | . . . . . . . . 4 . . . Programmers 4 | . . . . . . . . 4 . . . Fabnet Peak Effective % 3 | . . . . . . . . . 3 1 3 Robots Rewired 2 | . . . . . . . . . 2 . . Allies Hacked . | . . . . . . . . . . . . Hacks Repelled . | . . . . . . . . . . . . Allies | -11 -10 -9 -9 -9 -8 -8 -7 -6 -5 -4 -3 -------- Run | Yrd Mat Mat Min Exi Min Mat Fac Fac Fac Fac Res Total Allies 12 | . . . . . . . 2 2 2 4 2 Largest Group 3 | . . . . . . . 1 1 2 3 2 Highest-Rated Group 232 | . . . . . . . 26 81 59 232 206 Highest-Rated Ally 142 | . . . . . . . 26 81 30 116 142 Total Orders 4 | . . . . . . . . 2 2 . . ROAM 2 | . . . . . . . . . 2 . . FOLLOW 2 | . . . . . . . . 2 . . . Ally Attacks 43 | . . . . . . . . 16 12 5 10 Total Damage 2073 | . . . . . . . . 704 273 333 763 Kills 16 | . . . . . . . . 7 1 4 4 Allies Corrupted 1 | . . . . . . . . . . . 1 Allies Melted . | . . . . . . . . . . . . Field Lobotomies 5 | . . . . . . . . 1 . 2 2 Intel | -11 -10 -9 -9 -9 -8 -8 -7 -6 -5 -4 -3 ------- Run | Yrd Mat Mat Min Exi Min Mat Fac Fac Fac Fac Res Active Infowar (turns) 588 | . . . . . . . 166 . 132 . 290 Traps 422 | . . . . . . . . . 132 . 290 T.N.C. 166 | . . . . . . . 166 . . . . Robot Analysis Total 1 | . 1 . . . . . . . . . . Derelict Logs Recovered 1 | . . . 1 . . . . . . . . Drone Launches . | . . . . . . . . . . . . Drone Recoveries . | . . . . . . . . . . . . Exploration | -11 -10 -9 -9 -9 -8 -8 -7 -6 -5 -4 -3 ------------- Run | Yrd Mat Mat Min Exi Min Mat Fac Fac Fac Fac Res Turns Passed 5783 | 59 735 1151 63 197 217 238 470 785 1082 342 444 Spaces Moved 8147 | 38 448 735 34 219 482 447 1024 1043 1509 959 1209 Core 3 | 3 . . . . . . . . . . . Treads . | . . . . . . . . . . . . Legs 1370 | 35 448 735 34 118 . . . . . . . Wheels . | . . . . . . . . . . . . Hover . | . . . . . . . . . . . . Flight 6774 | . . . . 101 482 447 1024 1043 1509 959 1209 Fastest Speed 5 | 50 120 120 120 34 34 31 34 24 5 6 6 Average Speed 42 | 129 120 120 120 80 34 32 34 30 23 18 23 Slowest Speed 190 | 190 120 120 120 120 37 34 34 112 30 68 104 Overloaded Moves 60 | . . . . . . . . . 12 9 39 Propulsion Burnouts . | . . . . . . . . . . . . Robots Hopped 54 | . . . . . 5 2 10 8 17 6 6 Potential Cave-ins . | . . . . . . . . . . . . Cave-ins Triggered 1 | . . . . . . . . . . . 1 Exploration Rate (%) 39 | 4 87 52 6 61 68 36 30 23 42 28 35 Regions Visited 11 Branch Regions 3 Pre-discovered Areas 1 | . . . 1 . . . . . . . . Known Exits Taken . | . . . . . . . . . . . . Unknown Exits Taken 11 | 1 1 1 1 1 1 1 1 1 1 1 . Scrap Searched 1 | . . . . . 1 . . . . . . Spaces Dug 66 | . . . . . . 9 7 24 17 5 4 Terrain Destroyed 82 | . 12 4 . . . 9 7 24 17 5 4 Melee 66 | . . . . . . 9 7 24 17 5 4 Projectile 4 | . . 4 . . . . . . . . . AOE 12 | . 12 . . . . . . . . . . Terrain Rammed . | . . . . . . . . . . . . Walls Destroyed . | . . . . . . . . . . . . Machines Disabled . | . . . . . . . . . . . . Actions | -11 -10 -9 -9 -9 -8 -8 -7 -6 -5 -4 -3 --------- Run | Yrd Mat Mat Min Exi Min Mat Fac Fac Fac Fac Res Total 9881 | 45 548 880 48 241 502 518 1111 1436 2157 1073 1322 Wait 1035 | . 12 47 . 10 5 58 11 307 486 43 56 Move 8036 | 37 447 734 33 218 471 442 1006 1026 1477 948 1197 Hop 45 | . . . . . 5 2 7 7 14 4 6 Pick Up 70 | 2 14 6 1 1 . 1 6 12 11 8 8 Fast Attach 76 | 6 3 12 1 1 2 1 9 6 13 11 11 Attach 36 | . 1 . . 5 1 1 1 6 7 9 5 Detach 6 | . . . . . . . 1 . 1 4 . Swap 28 | . 3 1 1 . 1 . . 4 10 5 3 Drop 101 | . 11 14 2 6 . . 9 12 17 16 14 Fire 138 | . 57 66 10 . . . . 1 . 2 2 Melee 175 | . . . . . 17 13 16 44 42 23 20 Ram . | . . . . . . . . . . . . Kick . | . . . . . . . . . . . . Crush . | . . . . . . . . . . . . Escape Stasis 56 | . . . . . . . 45 11 . . . Rewire 5 | . . . . . . . . . 5 . . Trap 74 | . . . . . . . . . 74 . . Miscellaneous . | . . . . . . . . . . . . Route ------- -11/Scrapyard -10/Materials (discovered 5 exits: *Mat x3 / [*Min x2]) -9/Materials -9/Mines -9/Exiles -8/Mines -8/Materials -7/Factory -6/Factory (discovered 2 exits: *Fac / [*Ext]) -5/Factory -4/Factory -3/Research (discovered 1 exit: [Res]) History --------- Turn | Location | Event 11 | -11/Scrapyard | Discovered new exit (range 14) 60 | -11/Scrapyard | Entered Materials 144 | -10/Materials | Discovered new exit (range 9) 300 | -10/Materials | Build established: Mutant 318 | -10/Materials | Discovered new exit (range 16) 472 | -10/Materials | Discovered new exit (range 13) 522 | -10/Materials | Discovered new exit (range 14) 737 | -10/Materials | Central database locked down 758 | -10/Materials | Discovered new exit (range 5) 795 | -10/Materials | Entered another Materials area 795 | -9/Materials | Evolved 2 slots: Propulsion x1, Utility x1 859 | -9/Materials | Discovered new exit (range 16) 1152 | -9/Materials | Destroyed 8 combat bots 1946 | -9/Materials | Entered Mines 1983 | -9/Mines | Learned location of Zion (-6) 1999 | -9/Mines | Met a Derelict bent on vengeance 2004 | -9/Mines | Deemed a non-threat by the Exiles lab entrance 2004 | -9/Mines | Discovered new exit (range 5) 2009 | -9/Mines | Entered Exiles 2042 | -9/Exiles | Met 8R-AWN 2061 | -9/Exiles | Met EX-HEX 2095 | -9/Exiles | Met EX-BIN 2113 | -9/Exiles | Aligned with FarCom system 2114 | -9/Exiles | Given EX-Vault access code 2141 | -9/Exiles | Opened EX-Vault 2164 | -9/Exiles | Found Field Lobotomy Kit 2180 | -9/Exiles | Warned to stay clear of 0b10 Research branches 2190 | -9/Exiles | Met EX-DEC 2203 | -9/Exiles | Discovered new exit (range 10) 2206 | -9/Exiles | Left Exiles lab with Field Lobotomy Kit 2206 | -9/Exiles | Entered Mines 2277 | -8/Mines | Lost 3 parts (2n1w) 2417 | -8/Mines | Discovered new exit (range 5) 2423 | -8/Mines | Entered Materials 2423 | -8/Materials | Evolved 2 slots: Propulsion x1, Utility x1 2657 | -8/Materials | Discovered new exit (range 15) 2661 | -8/Materials | Entered Factory 2661 | -7/Factory | Evolved 2 slots: Utility x2 3039 | -7/Factory | Discovered new exit (range 9) 3131 | -7/Factory | Entered another Factory area 3131 | -6/Factory | Evolved 2 slots: Propulsion x1, Utility x1 3617 | -6/Factory | Discovered new exit (range 9) 3738 | -6/Factory | Fabricated VTOL Module (x2) 3854 | -6/Factory | Spotted B-75 Beast 3855 | -6/Factory | Assimilated B-75 Beast with FLK Orb 3874 | -6/Factory | Garrison activated, responded to threat 3895 | -6/Factory | Discovered new exit (range 11) 3902 | -6/Factory | Fabricated Imp. Hacking Suite? 3908 | -6/Factory | Build established: Hacker-Sprinter 3916 | -6/Factory | Entered another Factory area 3916 | -5/Factory | Evolved 2 slots: Utility x2 4108 | -5/Factory | Lost 3 parts (1n2u) 4362 | -5/Factory | Lost 3 parts (2n1u) 4613 | -5/Factory | Watched by a mysterious "MATRIX" hacker 4802 | -5/Factory | Fabricated Imp. Hacking Suite? 4992 | -5/Factory | Discovered new exit (range 15) 4998 | -5/Factory | Entered another Factory area 4998 | -4/Factory | Evolved 2 slots: Utility x2 5156 | -4/Factory | Spotted B-86 Titan 5157 | -4/Factory | Assimilated B-86 Titan with FLK Orb 5177 | -4/Factory | Central database locked down 5179 | -4/Factory | Found Prototype Processor 5179 | -4/Factory | Identified Exp. Melee Analysis Suite 5255 | -4/Factory | Spotted B-86 Titan 5257 | -4/Factory | Assimilated B-86 Titan with FLK Orb 5314 | -4/Factory | Fabricated Imp. Hacking Suite (x1) 5336 | -4/Factory | Discovered new exit (range 11) 5340 | -4/Factory | Entered Research 5340 | -3/Research | Evolved 2 slots: Utility x2 5386 | -3/Research | Discovered new exit (range 12) 5545 | -3/Research | Crushed by falling debris 5545 | -3/Research | System corruption reached 10% 5565 | -3/Research | Assimilated Y-72 Warden with FLK Orb 5576 | -3/Research | Lost 3 parts (2u1w) 5577 | -3/Research | Assimilated H-71 Marshal with FLK Orb 5582 | -3/Research | Found Prototype Device 5582 | -3/Research | Identified Exp. Thermal Shield 5611 | -3/Research | Central database locked down 5660 | -3/Research | Fabricated Imp. Hacking Suite (x1) 5784 | -3/Research | Self-destructed Last Messages --------------- Time: 31 Initiate build sequence. 05727_ Connecting with Fabricator... >>Force(Recompile) RECOMPILED[Authchip [Processor]] 05727_ ALERT: Suspicious activity at Fabricator R003. Dispatching Investigation squad. 05727_ Dropped Phase Shifter. 05728_ Acquired Authchip [Processor]. 05739_ System corrupted: Energy discharge (-85). 05740_ Adv. Trap Scanner disarmed Gamma Bomb Trap. 05754_ K-01 Serf collects debris. 05760_ ALERT: Potential suspicious activity detected, Programmers report to Research Zone 6P. 05765_ K-01 Serf collects debris. 05770_ Connecting with Scanalyzer... 05780_ Dropped Particle Reactor. 05781_ Acquired Transmission Jammer. Map ----- +----------------------------------------------------+ | #???# ??? ?????????????????????????????????? | | #???# #???????????????????????????????????????? | | ##??# #???????????????????????????????????????? | | #??# #???????????????????????????????????????? | | #### #???????????????????????????????????????? | | #???????????????????????????????????????? | | #???????????????????????????????????????? | | #???????????????????????????????????????? | | ########???????????????????????????????????????? | | #??????????????????????????????????????????????? | | #######??????????????????????????????????????????? | | # #??????????????????????????????????????????? | | # #??????????????????????????????????????????? | | # #??????????????????????????????????????????? | | #" #??????????????????????????????????????????? | | #" !#???????????????????????##?????????????????? | | #" #??????????????????????? #?????????????????? | | #T #?????????????????????? #?????????????????? | | #" #?????????????????????? #?????????????????? | | #" #????????????????????? #?????????????????? | | #" ###########??????????? #?????????????????? | | # ## ##########? #?????????????????? | | # ## # !! #? #?????????????????? | | ###+#### """" #* # #?????????????????? | | # """" # # ###???????????????? | | + """" # @ !#????????? | | # """" # # #????????? | | ######## """" # # #????????? | | #??????# # #? "?????????? | | #??????# # k #? ""?????????? | | #??????########## #?? "??????????? | | #???????????????###+######?? "??????????? | | #?????????????????# #??????? "??????????? | | #?????????????????# #??????? T??????????? | | #?????????????????# #?????? "??????????? | | ###########???????# #???BB?!! "??????????? | | ## "" #####???# #???BB!!! ""?????????? | | ## ""S # ##### ######!! ""?????????? | | # "" # " "?????????? | | # # ############ ! #????????? | | + ## ##??????????? #????????? | | # ## #????????????? ?????????? | | # ## #########????? """ ?????????? | | ## # + #?????? """?????????????? | | ## + # #?????? ""??????????????? | | ########### # !! #??????? ?????????????? | | #?????????# + !! #??????? ?????????????? | | #?????????# # #???????? ????????????? | | #?????????# # #???????? #### ????????????? | | ########### ########?????????#???? ????????????? | +----------------------------------------------------+ Best States ------------- Heat Dissipation 46 Energy Generation 23 Energy Capacity 340 Matter Stores 300 Matter Capacity 300 Sight Range 16 Terrain Scan Density 10 EM Shielding 3 Armor Coverage 150 Phase Shifting 5 Evasion (%) 77 Targeting Accuracy 10 Melee Accuracy 26 Target Analysis 12 Core Analysis 6 Armor Integrity Analysis 30 Offensive Hacking 32 Defensive Hacking 20 Authchip Count 2 Trap Extractor Capacity 8 Item Schematics ----------------- VTOL Module | -9/Materials | Hacked Hacking Suite | -7/Factory | Hacked Mic. Nuclear Core | -6/Factory | Scanalyzed System Shield | -6/Factory | Scanalyzed Imp. Trap Extractor | -6/Factory | Scanalyzed Imp. Reaction Control System | -6/Factory | Scanalyzed Imp. Hacking Suite | -6/Factory | Hacked Imp. Trap Scanner | -5/Factory | Hacked Field Propulsion Array | -5/Factory | Hacked Adv. Trap Scanner | -4/Factory | Hacked Robot Schematics ------------------ None Fabricated ------------ VTOL Module | x2 | -6/Factory | Authchip Imp. Hacking Suite | x1 | -6/Factory Imp. Hacking Suite | x1 | -5/Factory | Authchip Imp. Hacking Suite | x1 | -4/Factory | Authchip Imp. Hacking Suite | x1 | -3/Research | Authchip Repaired ---------- Nothing Studied --------- Imp. Light Cannon | -9/Materials | Hacked VTOL Module | -6/Factory | Hacked Imp. Datajack | -6/Factory | Hacked Mic. Nuclear Core | -6/Factory | Hacked Spear | -6/Factory | Hacked Power Sword | -5/Factory | Hacked Nuclear Pulse Array | -5/Factory | Hacked Imp. Surge Thruster | -4/Factory | Hacked Impulse Thruster Array | -3/Research | Hacked Alien Tech Used ----------------- None Achievements -------------- Origins Challenges ------------ None Game ------ Seed GuidedCloakDriveblaster Manual? 0 Play Time 02:07:48 Cumulative 133.5 hours Start 2026.07.15 @ 15:22:49 End 2026.07.15 @ 23:06:30 Sessions 3 Manual Loads 0 Difficulty Rogue Special Mode None Game No. 109 Rogue 109 Adventurer 0 Explorer 0 Win Type - Total 1 Types 1/0/0/0/0/0/0/0/0/0 Lore% 48 Gallery% 50 Achievement% 37 Wizard Run 0 Options --------- Layout 1 ASCII 0 Keyboard 0 Movement Mouse Keybinds 1 Fullscreen 1 Font 24/Smallcaps Map View 50x35 Zoom Use 0% Tactical HUD 1 Map Filters NONE Filters NONE Steam 1 RUN: 3daed5f9-6fb8-446f-b015-01541ce4c128